AoeStats
← Azadrum

Arabia

508076476Analyzed
1v1 RM · 11d ago on Sep 20, 2026· 29m 58s· 2 players
Game mode
Random Map
Map size
Tiny (2 player)
Population
200
Speed
Normal
Resources
Standard
Victory
Conquest
Starting age
Dark Age
Ending age
Imperial Age
RankedLock teamsTeams togetherTeam positionsShared explorationLock speedFull tech treeHidden civsTurbo modeCheats
Victory
Defeat
🇹🇷 Magyars · Türkiye
911
+14
🇨🇿 Hindustanis · Czechia
865
-14
jonascz87
6:38 Loom
9:24 Feudal Age
17:22 Double-Bit Axe
22:32 Castle Age
21:07 Scale Barding Armor
21:12 Forging
21:24 Horse Collar
23:44 Bloodlines
23:35 Husbandry
25:05 Heavy Plow
26:54 Fletching
Azadrum
10:31 Feudal Age
13:12 Loom
14:05 Wheelbarrow
18:53 Double-Bit Axe
18:49 Horse Collar
19:27 Scale Barding Armor
23:21 Castle Age
22:50 Scale Barding Armor
25:56 Chain Barding Armor
25:51 Corvinian Army
25:47 Pikeman
Connection lost

Rejoining the realm…

Still unreachable

The connection could not be restored.

Session expired

The server has moved on; the page needs a fresh start.